[Event "Titled Tuesday Blitz February 14 Late 2023"]
[White "Lopez Idarraga, Daniel Eduardo"]
[Black "Yuan, Qingyu"]
[WhiteFideId "4405501"]
[BlackFideId "8609772"]
[WhiteElo "2009"]
[BlackElo "2373"]
[Result "1/2-1/2"]
[Round "09"]
[TimeControl "180+2"]
[Date "2023.02.14"]
[WhiteClock "0:00:05"]
[BlackClock "0:00:10"]

1. e4 c5 2. d4 cxd4 3. c3 d3 4. c4 Nc6 5. Bxd3 g6 6. h3 Bg7 7. Ne2 e6 8. Nbc3 Nge7 9. Be3 O-O 10. Qd2 d5 11. cxd5 exd5 12. Bh6 dxe4 13. Nxe4 Ne5 14. Bb5 Qxd2+ 15. Bxd2 a6 16. Ba4 Nd3+ 17. Kf1 Nxb2 18. Bb3 b5 19. Rc1 Bb7 20. Nd6 Bd5 21. Bxd5 Nxd5 22. Ba5 Be5 23. Rc2 Nd3 24. Ne4 Rac8 25. Rd2 N3f4 26. g3 Nxe2 27. Rxd5 Bc3 28. Bb6 Rc6 29. Kxe2 Re8 30. Kf3 Rxe4 31. Kxe4 Rxb6 32. Rc1 b4 33. Ra5 Re6+ 34. Kd3 Rf6 35. f4 Rd6+ 36. Kc4 Kg7 37. Rf1 h5 38. Rf3 Be1 39. g4 hxg4 40. hxg4 Rc6+ 41. Kb3 Re6 42. Rd3 Bc3 43. a3 Rb6 44. axb4 Bxb4 45. Rad5 a5 46. Ka4 Re6 47. f5 Re4 48. R3d4 Re1 49. fxg6 Kxg6 50. Kb5 f6 51. Rf5 Bc3 52. Rc4 Rb1+ 53. Ka4 Be5 54. Kxa5 Rg1 55. Kb5 Rxg4 56. Rxg4+ Kxf5 57. Rg1 Ke6 58. Rf1 Kd5 59. Rd1+ Ke4 60. Kc4 Kf4 61. Re1 Kf5 62. Kd3 Ke6 63. Ke4 Kd6 64. Kf5 Kd5 65. Rd1+ Kc5 66. Rd8 Kc4 67. Rf8 Kd5 68. Rd8+ Kc4 69. Ke4 Kc5 70. Rc8+ Kd6 71. Re8 Kd7 72. Rf8 Ke7 73. Ra8 Kd6 74. Kf5 Kd5 75. Rd8+ Kc6 76. Ke6 Kc5 77. Rc8+ Kd4 78. Kf5 Kd5 79. Rd8+ 1/2-1/2


[Site "https://www.chess.com"]

[Event "Titled Tuesday Blitz February 14 Late 2023"]
[White "Solon, Nathan"]
[Black "Brilej, Jaka"]
[WhiteFideId "2017229"]
[BlackFideId "14618818"]
[WhiteElo "2306"]
[BlackElo "2321"]
[Result "1-0"]
[Round "09"]
[TimeControl "180+2"]
[Date "2023.02.14"]
[WhiteClock "0:00:07"]
[BlackClock "0:00:16"]

1. Nf3 d5 2. g3 g6 3. c4 dxc4 4. Na3 Bg7 5. Nxc4 Nf6 6. Bg2 O-O 7. O-O c6 8. b3 Be6 9. Bb2 Nbd7 10. Rc1 a5 11. Ng5 Bd5 12. e4 Bxc4 13. Rxc4 Nb6 14. Rc1 a4 15. Re1 a3 16. Ba1 Qd3 17. Re3 Qb5 18. Nf3 Rfd8 19. d4 Nfd7 20. Rd3 Rac8 21. h4 Nf6 22. Ne1 e6 23. Rc5 Qa6 24. Qf3 Nbd7 25. Rc1 Ne8 26. h5 Nef6 27. hxg6 hxg6 28. Bf1 Qb6 29. Nc2 Ra8 30. Ne3 Ne8 31. Nc4 Qc7 32. Bc3 Nb6 33. Ne5 Nd6 34. Bb4 Nb5 35. Bc5 Nd7 36. Nxd7 Qxd7 37. e5 Bf8 38. Bb6 Rdc8 39. Qf4 Nc7 40. Bxc7 Rxc7 41. Rf3 Rd8 42. Rd1 c5 43. Rfd3 Qc6 44. Bg2 Qa6 45. d5 exd5 46. Bxd5 Re8 47. e6 fxe6 48. Qxc7 exd5 49. Rxd5 Qe6 50. Qd7 Qe2 51. Qxb7 Qxa2 52. R5d2 Re1+ 53. Kg2 1-0


[Site "https://www.chess.com"]

[Event "Titled Tuesday Blitz February 14 Late 2023"]
[White "Cardoso Cardoso, Jose Gabriel"]
[Black "O`Gorman, Tom"]
[WhiteFideId "4430492"]
[BlackFideId "2508249"]
[WhiteElo "2492"]
[BlackElo "2355"]
[Result "1/2-1/2"]
[Round "09"]
[TimeControl "180+2"]
[Date "2023.02.14"]
[WhiteClock "0:00:04"]
[BlackClock "0:00:16"]

1. c4 e5 2. Nc3 Nf6 3. g3 Nc6 4. Bg2 g6 5. e3 Bg7 6. Nge2 O-O 7. d3 d6 8. O-O Ne7 9. d4 c6 10. b3 Be6 11. Ba3 Re8 12. dxe5 dxe5 13. Qxd8 Raxd8 14. Rfd1 Bf8 15. Na4 Nf5 16. Bxf8 Kxf8 17. Nc5 Bc8 18. Nc3 Ng7 19. Kf1 Ne6 20. N5e4 Nxe4 21. Nxe4 Ke7 22. Ke2 f5 23. Nc3 Rxd1 24. Rxd1 Rd8 25. Rc1 Nc5 26. Rb1 Be6 27. Rd1 Rxd1 28. Kxd1 e4 29. Bf1 Nd7 30. Be2 Ne5 31. h4 h6 32. Kc2 g5 33. hxg5 hxg5 34. Na4 Kd6 35. c5+ Ke7 36. a3 Nd7 37. Kc3 Kf6 38. b4 Ke5 39. Nb2 Nf6 40. Nc4+ Bxc4 41. Kxc4 Nd5 42. a4 f4 43. gxf4+ gxf4 44. exf4+ Nxf4 45. Bf1 Ne6 46. b5 Nd4 47. b6 a5 48. Bh3 Ne6 49. Bg4 Kf6 50. Bh5 Ke5 51. Be8 Nf8 52. Bf7 Kf6 53. Bh5 Ke5 54. Bg4 Ne6 55. Bh3 Kf6 56. Bg4 Ke5 57. Bh5 Nf8 58. Be8 Kf4 59. Kd4 Kf3 60. Bh5+ Kxf2 61. Kxe4 Ne6 62. Ke5 Nxc5 63. Kd6 Nxa4 64. Kc7 c5 65. Kxb7 c4 66. Ka6 Nxb6 67. Kxb6 c3 68. Bd1 Ke1 69. Ba4 Kd2 70. Kxa5 c2 71. Bxc2 1/2-1/2


[Site "https://www.chess.com"]

[Event "Titled Tuesday Blitz February 14 Late 2023"]
[White "Toncheva, Nadya"]
[Black "Bjelobrk, Igor"]
[WhiteFideId "2924056"]
[BlackFideId "4300726"]
[WhiteElo "2295"]
[BlackElo "2403"]
[Result "0-1"]
[Round "09"]
[TimeControl "180+2"]
[Date "2023.02.14"]
[WhiteClock "0:00:02"]
[BlackClock "0:00:13"]

1. e4 e6 2. d4 d5 3. Nd2 Be7 4. Ngf3 Nf6 5. e5 Nfd7 6. Bd3 c5 7. c3 Nc6 8. O-O a5 9. Re1 cxd4 10. cxd4 g5 11. Qa4 g4 12. Bb5 gxf3 13. Nxf3 Rg8 14. Be3 Nb6 15. Qc2 Rg7 16. Bh6 Rg6 17. Bxc6+ bxc6 18. Qxc6+ Bd7 19. Qc1 Rc8 20. Qf4 Na4 21. Rab1 Rc2 22. h4 Nxb2 23. Re3 Nc4 24. Reb3 Na3 25. Rc1 Rxc1+ 26. Qxc1 Nc4 27. h5 Rg8 28. Qb1 Bc8 29. Qxh7 Kd7 30. Qxf7 Qe8 31. Qf4 Qxh5 32. Nd2 Qd1+ 33. Nf1 Qg4 34. Qh2 Rh8 35. Rg3 Qh4 36. Rh3 Rxh6 37. Rxh4 Rxh4 38. Qg3 Rxd4 39. Qb3 Nxe5 40. Qb5+ Nc6 41. Ne3 Rb4 42. Qd3 Rb6 43. Nc4 Rb4 44. Ne3 Bd6 45. g3 Kc7 46. Kg2 Bd7 47. Qc3 d4 48. Qc1 dxe3 49. Qxe3 Nd4 50. Qc3+ Bc6+ 51. Kh3 e5 52. Qc1 Rb8 53. Kg4 Rg8+ 54. Kh5 Rh8+ 55. Kg6 Rh2 56. f4 exf4 57. gxf4 Rf2 58. f5 Rxf5 59. Qc4 Rf4 60. Kg5 Re4 61. Kg6 Rf4 62. Qf7+ 0-1


[Site "https://www.chess.com"]

[Event "Titled Tuesday Blitz February 14 Late 2023"]
[White "Machidon, Cristi"]
[Black "Rorrer, Grayson"]
[WhiteFideId "13904590"]
[BlackFideId "30944996"]
[WhiteElo "2301"]
[BlackElo "2263"]
[Result "0-1"]
[Round "09"]
[TimeControl "180+2"]
[Date "2023.02.14"]
[WhiteClock "0:00:08"]
[BlackClock "0:00:35"]

1. d4 Nf6 2. c4 e6 3. Nc3 Bb4 4. Bd2 O-O 5. e3 d5 6. Rc1 b6 7. a3 Bxc3 8. Bxc3 Bb7 9. Nf3 Nbd7 10. cxd5 exd5 11. Bd3 c5 12. O-O Re8 13. dxc5 Nxc5 14. Bb1 Rc8 15. Bd4 Nce4 16. Qa4 Rxc1 17. Rxc1 a6 18. Qc2 Qd7 19. Bxb6 Ng4 20. Rf1 Rc8 21. Qd1 Qb5 22. Bd4 a5 23. Bd3 Qc6 24. Ne5 Nxe5 25. Bxe5 d4 26. Qg4 f6 27. Bxd4 Nd2 28. Rd1 Qc1 29. h3 Nf3+ 30. Qxf3 Bxf3 31. Rxc1 Rxc1+ 32. Kh2 Bd5 33. Bc3 a4 34. e4 Bc6 35. Kg3 Kf7 36. Kf4 Rg1 37. g3 g5+ 38. Kg4 Bd7+ 39. Kf3 Bxh3 40. Bb5 h5 41. Bxa4 h4 42. Bb3+ Ke7 43. e5 fxe5 44. Bxe5 Be6 45. Bc2 h3 46. g4 Bxg4+ 47. Ke3 Re1+ 48. Kd4 Rxe5 49. Kxe5 Bf3 0-1


[Site "https://www.chess.com"]

[Event "Titled Tuesday Blitz February 14 Late 2023"]
[White "Martinez Ramirez, Lennis"]
[Black "Novikov, Evgenij"]
[WhiteFideId "3509079"]
[BlackFideId "4125380"]
[WhiteElo "2426"]
[BlackElo "2276"]
[Result "1-0"]
[Round "09"]
[TimeControl "180+2"]
[Date "2023.02.14"]
[WhiteClock "0:00:38"]
[BlackClock "0:00:02"]

1. d4 d5 2. c4 e6 3. Nf3 Nf6 4. g3 Be7 5. Bg2 O-O 6. O-O c6 7. Qc2 b6 8. Nbd2 Bb7 9. b3 Nbd7 10. Bb2 Rc8 11. Rac1 Qc7 12. e4 Qb8 13. e5 Ne8 14. cxd5 cxd5 15. Qd3 Rxc1 16. Rxc1 Nc7 17. h4 Ba6 18. Qb1 Rc8 19. Nf1 Nb5 20. Ne3 Na3 21. Qa1 Bd3 22. Ne1 Bg6 23. Bf1 f6 24. Ba6 Rc7 25. f4 fxe5 26. fxe5 b5 27. Rxc7 Qxc7 28. Qc1 Qxc1 29. Bxc1 Nb1 30. Bxb5 Nb6 31. Bb2 Nd2 32. Bd3 Bh5 33. N3g2 Nf3+ 34. Nxf3 Bxf3 35. Nf4 Bg4 36. Kf2 g6 37. Bc3 Kf7 38. a4 Bf5 39. Ke3 h6 40. Bxf5 gxf5 41. Kd3 Nd7 42. Bd2 Nb8 43. b4 a6 44. Kc2 Nc6 45. Ne2 Nxb4+ 46. Kb3 Nc6 47. Bxh6 Bd8 48. h5 Bb6 49. Kc3 Kg8 50. Bg5 Kg7 51. Kd3 Nb4+ 52. Kd2 Nc6 53. Be3 Ba5+ 54. Kd3 Bb6 55. Nf4 Kf7 56. h6 Nb4+ 57. Ke2 Nc6 58. Nxe6 1-0


[Site "https://www.chess.com"]

[Event "Titled Tuesday Blitz February 14 Late 2023"]
[White "Fiorito, Joaquin"]
[Black "Papp, Levente"]
[WhiteFideId "180173"]
[BlackFideId "751243"]
[WhiteElo "2405"]
[BlackElo "2353"]
[Result "1-0"]
[Round "09"]
[TimeControl "180+2"]
[Date "2023.02.14"]
[WhiteClock "0:01:14"]
[BlackClock "0:00:02"]

1. d4 Nf6 2. Nc3 e6 3. Bf4 c5 4. e3 a6 5. Nf3 d5 6. dxc5 Bxc5 7. Bd3 Nc6 8. O-O O-O 9. e4 h6 10. e5 Nd7 11. Re1 Nb4 12. a3 Nxd3 13. cxd3 b5 14. d4 Be7 15. Qd2 Re8 16. Ne2 Nf8 17. g3 Bb7 18. h4 Rc8 19. h5 Qb6 20. Rac1 b4 21. axb4 Qxb4 22. Nc3 a5 23. g4 Nh7 24. g5 hxg5 25. Nxg5 Bxg5 26. Bxg5 Ba6 27. h6 Rb8 28. Rb1 a4 29. Qf4 a3 30. Qg3 axb2 31. Be7 g6 32. Bxb4 Rxb4 33. Nd1 Rxd4 34. Rxb2 Bc4 35. Ne3 Rd3 36. Rd1 Rc3 37. Rc2 Rxc2 38. Nxc2 Nf8 39. Nd4 Nh7 40. Rb1 g5 41. Nf3 Bd3 42. Nxg5 Nxg5 43. Qxg5+ Bg6 44. Rb7 Rf8 45. Qf6 1-0


[Site "https://www.chess.com"]

[Event "Titled Tuesday Blitz February 14 Late 2023"]
[White "Moral Garcia, Serafin"]
[Black "Rios Escobar, Adan"]
[WhiteFideId "2201925"]
[BlackFideId "3403645"]
[WhiteElo "2238"]
[BlackElo "2234"]
[Result "1-0"]
[Round "09"]
[TimeControl "180+2"]
[Date "2023.02.14"]
[WhiteClock "0:00:08"]
[BlackClock "0:00:02"]

1. c4 Nf6 2. Nc3 g6 3. g3 Bg7 4. Bg2 O-O 5. e3 c5 6. Nge2 h5 7. a3 h4 8. O-O Nc6 9. Rb1 Rb8 10. b4 cxb4 11. axb4 a6 12. d4 b5 13. d5 Ne5 14. c5 d6 15. c6 Bf5 16. Ra1 Qc8 17. Nd4 Bh3 18. f3 Bxg2 19. Kxg2 Nc4 20. e4 e6 21. Re1 exd5 22. exd5 Nb6 23. Nb3 h3+ 24. Kh1 Qf5 25. g4 Nxg4 26. fxg4 Qf2 27. Ra2 Qh4 28. Ne4 f6 29. Rxa6 Nxd5 30. Qxd5+ Kh7 31. Ng3 Rbe8 32. Be3 Qxg4 33. c7 Re5 34. Qd2 Rfe8 35. Rxd6 Qf3+ 36. Kg1 Rxe3 37. Rxe3 Rxe3 38. Qf2 Re1+ 39. Nf1 Qg4+ 40. Qg3 Qe2 41. Qxh3+ Bh6 42. Rd7+ 1-0


[Site "https://www.chess.com"]

[Event "Titled Tuesday Blitz February 14 Late 2023"]
[White "Sonnenschein, Philipp"]
[Black "Lopez Perdomo, Juan David"]
[WhiteFideId "16250877"]
[BlackFideId "4405137"]
[WhiteElo "2224"]
[BlackElo "2029"]
[Result "1-0"]
[Round "09"]
[TimeControl "180+2"]
[Date "2023.02.14"]
[WhiteClock "0:00:11"]
[BlackClock "0:00:02"]

1. e4 e6 2. d4 d5 3. Nd2 Nf6 4. e5 Nfd7 5. Bd3 c5 6. c3 Nc6 7. Ne2 f6 8. exf6 Nxf6 9. Nf3 Bd6 10. O-O e5 11. dxe5 Nxe5 12. Nxe5 Bxe5 13. Bf4 Bxf4 14. Nxf4 O-O 15. Re1 Qd6 16. Qd2 Bd7 17. Rad1 Rae8 18. Rxe8 Rxe8 19. Bc4 Bc6 20. h3 Re5 21. Bb3 b5 22. Bc2 Rg5 23. b4 cxb4 24. cxb4 Re5 25. Qd4 g5 26. Nd3 Re2 27. Bb3 Ne4 28. Rc1 Bb7 29. Qxa7 Nxf2 30. Nxf2 Qf4 31. Rf1 Re7 32. Qc5 Rf7 33. Bxd5 Bxd5 34. Qxd5 Kg7 35. Qxb5 Qe3 36. Qc5 Qe2 37. Qxg5+ Kh8 38. Qd8+ Kg7 39. Qd4+ Kg8 40. a4 h6 41. Qg4+ Rg7 42. Qxe2 h5 43. Qxh5 Kf8 44. Ng4+ Kg8 45. Nf6+ Kf8 46. Qe8# 1-0


[Site "https://www.chess.com"]

[Event "Titled Tuesday Blitz February 14 Late 2023"]
[White "CheckBits"]
[Black "Kamsky, Gata"]
[BlackFideId "2000024"]
[WhiteElo "2468"]
[BlackElo "2665"]
[Result "0-1"]
[Round "09"]
[TimeControl "180+2"]
[Date "2023.02.14"]
[WhiteClock "0:00:10"]
[BlackClock "0:00:35"]

1. d4 Nf6 2. Nf3 g6 3. Bf4 Bg7 4. h3 d6 5. Nbd2 Nc6 6. c3 O-O 7. e4 Nd7 8. Be2 e5 9. dxe5 Ndxe5 10. O-O f5 11. Nxe5 Nxe5 12. exf5 Bxf5 13. Nc4 Nxc4 14. Bxc4+ Kh8 15. Bg3 Qd7 16. Qd5 Rab8 17. Rfe1 Bf6 18. Re3 b5 19. Bb3 Rbe8 20. Rae1 Rxe3 21. Rxe3 a6 22. Kh2 Kg7 23. Qb7 Qc8 24. Qc6 Bd7 25. Qd5 Qa8 26. Qd3 Bc6 27. f3 a5 28. a3 Re8 29. Qe2 Rxe3 30. Qxe3 a4 31. Ba2 Bd5 32. Bxd5 Qxd5 33. Bf4 g5 34. Bg3 h5 35. Qe8 h4 36. Bf2 Qe5+ 37. Kg1 Qxe8 0-1


[Site "https://www.chess.com"]

[Event "Titled Tuesday Blitz February 14 Late 2023"]
[White "Bolourchifard, Farzad"]
[Black "Gasparyan, David"]
[WhiteFideId "12510084"]
[BlackFideId "13311980"]
[WhiteElo "2292"]
[BlackElo "2142"]
[Result "1-0"]
[Round "09"]
[TimeControl "180+2"]
[Date "2023.02.14"]
[WhiteClock "0:00:17"]
[BlackClock "0:00:14"]

1. e4 c5 2. Nc3 e6 3. Nge2 Nc6 4. g3 h5 5. h3 h4 6. g4 d5 7. exd5 exd5 8. Bg2 Be6 9. d4 Nf6 10. O-O Rc8 11. Bg5 Be7 12. dxc5 d4 13. Bxf6 gxf6 14. Ne4 f5 15. gxf5 Bxf5 16. Nf4 Kf8 17. Nd3 Qd7 18. Qf3 Rg8 19. Kh1 Qe6 20. Rae1 Qg6 21. Rg1 Rd8 22. Qf4 Qh7 23. a3 Rd7 24. b4 Nd8 25. Qf3 Ne6 26. Nf4 Ng5 27. Nxg5 Rxg5 28. Nd3 Qg6 29. Ne5 Qf6 30. Nxd7+ Bxd7 31. Qxf6 Bxf6 32. Bxb7 Rf5 33. c6 Be6 34. c7 Bd7 35. Bc6 Bc8 36. Re8# 1-0


[Site "https://www.chess.com"]

[Event "Titled Tuesday Blitz February 14 Late 2023"]
[White "Rangel, Daniel"]
[Black "Tanenbaum, Zachary"]
[WhiteFideId "2124475"]
[BlackFideId "2060850"]
[WhiteElo "2207"]
[BlackElo "2261"]
[Result "1-0"]
[Round "09"]
[TimeControl "180+2"]
[Date "2023.02.14"]
[WhiteClock "0:00:03"]
[BlackClock "0:00:02"]

1. c4 e5 2. g3 Nf6 3. Bg2 Nc6 4. Nc3 Bc5 5. e3 O-O 6. Nge2 Re8 7. O-O Bb6 8. b3 d6 9. d4 Bg4 10. h3 Bh5 11. g4 Bg6 12. d5 Nb4 13. e4 Bd4 14. a3 Nxe4 15. Bxe4 Bxe4 16. axb4 Bf3 17. Qd3 Bxe2 18. Nxe2 Bxa1 19. Be3 e4 20. Qd2 Be5 21. Nd4 Qh4 22. Kg2 Qf6 23. Nf5 Bc3 24. Qc1 Bxb4 25. Bd4 Re5 26. Bxe5 dxe5 27. Qe3 g6 28. Ng3 Qe7 29. g5 f5 30. gxf6 Qxf6 31. Nxe4 Qh4 32. f3 Rf8 33. Qg5 Rf4 34. Nf6+ Kg7 35. Qxh4 Rxh4 36. Ng4 Bc3 37. Rc1 Bd4 38. Kg3 Rh5 39. Re1 Rf5 40. Re4 h5 41. Nf2 Rg5+ 42. Ng4 hxg4 43. hxg4 1-0


[Site "https://www.chess.com"]

[Event "Titled Tuesday Blitz February 14 Late 2023"]
[White "Sztokbant, Bernardo Vainzoff"]
[Black "Di Berardino, Diego Rafael"]
[WhiteFideId "2115956"]
[BlackFideId "2105446"]
[WhiteElo "2213"]
[BlackElo "2479"]
[Result "1-0"]
[Round "09"]
[TimeControl "180+2"]
[Date "2023.02.14"]
[WhiteClock "0:00:07"]
[BlackClock "0:00:01"]

1. e4 c5 2. Nf3 e6 3. d4 cxd4 4. Nxd4 a6 5. Bd3 Nf6 6. Nc3 d6 7. O-O g6 8. f4 Bg7 9. Be3 O-O 10. Kh1 Qc7 11. a4 Nc6 12. Nb3 b6 13. Qe1 Nb4 14. Qh4 Bb7 15. Rae1 Rae8 16. Bd4 e5 17. fxe5 dxe5 18. Be3 Nxd3 19. cxd3 Re6 20. a5 bxa5 21. Nc5 Rc6 22. N3a4 Bc8 23. Bg5 Nh5 24. Be3 Nf4 25. Qf2 Ne6 26. Nxe6 Bxe6 27. Nc5 Bc8 28. Rc1 h5 29. Rc3 Kh7 30. Rfc1 f5 31. exf5 Rxf5 32. Qg3 Qf7 33. h3 e4 34. d4 Qf6 35. Nxe4 Rf1+ 36. Kh2 Qe7 37. Ng5+ Kg8 38. Rxc6 Rxc1 39. Rxc1 Bf5 40. Qb8+ Bf8 41. Bf4 h4 42. Qe5 Qd7 43. Rc7 1-0


[Site "https://www.chess.com"]

[Event "Titled Tuesday Blitz February 14 Late 2023"]
[White "Drnovsek, Gal"]
[Black "Koellner, Ruben Gideon"]
[WhiteFideId "14607077"]
[BlackFideId "12993093"]
[WhiteElo "2397"]
[BlackElo "2426"]
[Result "1-0"]
[Round "09"]
[TimeControl "180+2"]
[Date "2023.02.14"]
[WhiteClock "0:00:11"]
[BlackClock "0:00:01"]

1. e4 d6 2. d4 Nf6 3. Nc3 e5 4. Nf3 Nbd7 5. g4 h6 6. Rg1 c6 7. h4 exd4 8. Nxd4 Ne5 9. g5 hxg5 10. hxg5 Nfg4 11. Be2 Nh2 12. Bf4 Qb6 13. Bxe5 dxe5 14. Nb3 Rh3 15. g6 fxg6 16. Qd2 Nf3+ 17. Bxf3 Rxf3 18. O-O-O Rf6 19. f4 exf4 20. e5 Rf7 21. Kb1 Bf5 22. e6 Re7 23. Qxf4 Rd8 24. Rxd8+ Qxd8 25. Nd4 Qc7 26. Qf3 Qb6 27. Nce2 c5 28. Nxf5 gxf5 29. Qxf5 Qxe6 30. Qh5+ Qf7 31. Qh2 Qe6 32. Qb8+ Kf7 33. Rf1+ Kg6 34. Qxf8 Qxe2 35. Rg1+ Kh5 36. Qh8# 1-0


[Site "https://www.chess.com"]

[Event "Titled Tuesday Blitz February 14 Late 2023"]
[White "WindWhistler11"]
[Black "Lorenzo De La Riva, Lazaro"]
[BlackFideId "2268809"]
[WhiteElo "2627"]
[BlackElo "2404"]
[Result "1-0"]
[Round "09"]
[TimeControl "180+2"]
[Date "2023.02.14"]
[WhiteClock "0:00:15"]
[BlackClock "0:01:17"]

1. Nf3 d6 2. d3 Nf6 3. Nbd2 e5 4. e4 Be7 5. Be2 O-O 6. O-O c6 7. c3 a5 8. a4 Re8 9. Qc2 Bf8 10. Re1 Qc7 11. Nf1 g6 12. b4 Bg7 13. h3 d5 14. Ba3 Be6 15. Ne3 h6 16. b5 Nbd7 17. Rab1 Nh5 18. Bf1 Nf4 19. Kh2 Kh7 20. g3 Nh5 21. Rec1 f5 22. bxc6 bxc6 23. exd5 cxd5 24. Rb5 e4 25. Nd4 Bxd4 26. cxd4 Qxc2 27. Rxc2 f4 28. Nxd5 fxg3+ 29. fxg3 Rac8 30. Nc7 Bb3 31. Rxb3 exd3 32. Bxd3 Re3 33. Bxg6+ Kxg6 34. Rxe3 Ndf6 35. Rc6 Rb8 36. Nd5 Rb1 37. Nxf6 Nxf6 38. Rf3 Kg5 39. Rcxf6 h5 40. R3f5# 1-0


[Site "https://www.chess.com"]

[Event "Titled Tuesday Blitz February 14 Late 2023"]
[White "Baghdasaryan, Vahe"]
[Black "Haszon, David"]
[WhiteFideId "13303139"]
[BlackFideId "733610"]
[WhiteElo "2257"]
[BlackElo "2264"]
[Result "0-1"]
[Round "09"]
[TimeControl "180+2"]
[Date "2023.02.14"]
[WhiteClock "0:00:01"]
[BlackClock "0:00:13"]

1. e4 c5 2. Nf3 Nc6 3. d4 cxd4 4. Nxd4 Nf6 5. Nc3 e6 6. Ndb5 Bc5 7. Nd6+ Ke7 8. Bf4 e5 9. Nf5+ Kf8 10. Bg5 Bb4 11. Bc4 d5 12. Bxd5 Bxf5 13. Bxf6 Qxf6 14. exf5 Rd8 15. Qd3 Nd4 16. Be4 Nb3 17. Qc4 Bxc3+ 18. Qxc3 Nxa1 19. O-O g6 20. g4 gxf5 21. Bxf5 h5 22. f4 Qb6+ 23. Rf2 Rd1+ 24. Kg2 Qc6+ 25. Qxc6 bxc6 26. fxe5 Ke7 27. g5 h4 28. Bg4 Rg8 29. Bxd1 Rxg5+ 30. Kh3 Rxe5 31. Bf3 Ra5 32. Bxc6 Rxa2 33. Bd5 Rxb2 34. Rxf7+ Kd6 35. c4 a5 36. Ra7 Nb3 37. Ra6+ Kc5 38. Kxh4 Rxh2+ 39. Kg5 Ra2 40. Be6 a4 41. Kf5 a3 42. Ra8 Rf2+ 43. Ke4 Re2+ 44. Kd3 Nc1+ 45. Kc3 Rxe6 46. Rxa3 Ne2+ 47. Kd3 Nf4+ 48. Kd2 Re2+ 49. Kd1 Rh2 50. Ra8 Nd3 51. Rc8+ Kd4 52. Rf8 Ke3 0-1


[Site "https://www.chess.com"]

[Event "Titled Tuesday Blitz February 14 Late 2023"]
[White "Delorme, Axel"]
[Black "Kleiman, Jake"]
[WhiteFideId "632023"]
[BlackFideId "2020041"]
[WhiteElo "2483"]
[BlackElo "2399"]
[Result "1-0"]
[Round "09"]
[TimeControl "180+2"]
[Date "2023.02.14"]
[WhiteClock "0:00:09"]
[BlackClock "0:00:04"]

1. e4 d6 2. d4 Nf6 3. Nc3 e5 4. Nf3 Nbd7 5. Bc4 Be7 6. a4 O-O 7. O-O c6 8. Ba2 a5 9. Re1 h6 10. h3 Nh7 11. Be3 Ng5 12. Nxg5 Bxg5 13. Qd2 Qf6 14. Rad1 Re8 15. Bxg5 hxg5 16. Ne2 Nf8 17. Ng3 Ng6 18. dxe5 dxe5 19. Qd6 Nf4 20. Qxf6 gxf6 21. Rd6 Kg7 22. Ne2 Ng6 23. Red1 Nf8 24. Ng3 Kg6 25. Rd8 Be6 26. Rxa8 Rxa8 27. Bxe6 fxe6 28. Kf1 Kf7 29. Ke2 Ke7 30. Nf1 Nd7 31. b3 Nc5 32. f3 f5 33. exf5 exf5 34. Ne3 Ke6 35. Nc4 b5 36. Rd6+ Ke7 37. Rxc6 bxc4 38. Rxc5 cxb3 39. cxb3 Kd6 40. Rb5 Ra7 41. g4 f4 42. Kd3 Ke6 43. Ke4 Kf6 44. Rb6+ Kf7 45. Kxe5 Rc7 46. Rb5 Rc3 47. Kf5 Rxf3 48. Rxa5 Rxb3 49. Ra7+ Ke8 50. Kxg5 f3 51. Ra5 f2 52. Rf5 Rxh3 53. Rxf2 Ra3 54. Rf4 Ke7 55. Rb4 Kf7 56. Rb7+ Kf8 57. Ra7 Ra1 58. a5 Ra4 59. Kf5 Ra2 60. g5 Rc2 61. a6 Rc6 62. g6 Kg8 63. Kg5 Rc1 64. Ra8+ Kg7 65. Ra7+ Kg8 66. Rb7 Rg1+ 67. Kf6 Rf1+ 68. Ke5 Re1+ 69. Kf5 Rf1+ 70. Ke4 Re1+ 71. Kf3 Ra1 72. a7 Ra6 1-0


[Site "https://www.chess.com"]

[Event "Titled Tuesday Blitz February 14 Late 2023"]
[White "Prem, Pranav"]
[Black "Kielinkei"]
[WhiteFideId "30901057"]
[WhiteElo "2061"]
[BlackElo "2399"]
[Result "1-0"]
[Round "09"]
[TimeControl "180+2"]
[Date "2023.02.14"]
[WhiteClock "0:01:20"]
[BlackClock "0:01:00"]

1. d4 f5 2. c4 Nf6 3. Nc3 e6 4. Nf3 Bb4 5. Qc2 b6 6. Bf4 Bb7 7. e3 d6 8. Be2 O-O 9. O-O Bxc3 10. Qxc3 Ne4 11. Qc2 Nd7 12. h3 g5 13. Bh2 g4 14. hxg4 fxg4 15. Nd2 Nxd2 16. Qxd2 Nf6 17. Qd1 Rf7 18. Bxg4 Bxg2 19. Bxe6 Bxf1 20. Qxf1 Qe7 21. Qg2+ Kh8 22. Bxf7 Qxf7 23. Qxa8+ Ne8 24. Qd5 Qg6+ 25. Kh1 Nf6 26. Qe6 1-0


[Site "https://www.chess.com"]

[Event "Titled Tuesday Blitz February 14 Late 2023"]
[White "Fan_Of_Chucky"]
[Black "Jeet, Jain"]
[BlackFideId "5073022"]
[WhiteElo "2398"]
[BlackElo "2199"]
[Result "1-0"]
[Round "09"]
[TimeControl "180+2"]
[Date "2023.02.14"]
[WhiteClock "0:01:45"]
[BlackClock "0:00:36"]

1. d4 d5 2. c4 c6 3. Nf3 e6 4. g3 f5 5. Bg2 Nf6 6. O-O Be7 7. Nbd2 O-O 8. Ne5 Nbd7 9. Ndf3 Ne4 10. b3 Ndf6 11. Bb2 Bd7 12. a3 a5 13. Qc2 Be8 14. Ne1 Bh5 15. f3 Nd6 16. N1d3 Rc8 17. c5 Nf7 18. Nf4 Nxe5 19. dxe5 Nd7 20. Nxh5 Bxc5+ 21. Kh1 g5 22. e4 Bb6 23. exf5 Rxf5 24. Bh3 1-0


[Site "https://www.chess.com"]

[Event "Titled Tuesday Blitz February 14 Late 2023"]
[White "Kaplan, Avi Harrison"]
[Black "Hoffmann, Asa"]
[WhiteFideId "30934559"]
[BlackFideId "2001470"]
[WhiteElo "2146"]
[BlackElo "2185"]
[Result "1-0"]
[Round "09"]
[TimeControl "180+2"]
[Date "2023.02.14"]
[WhiteClock "0:00:05"]
[BlackClock "0:00:01"]

1. g3 d6 2. Bg2 c6 3. c4 e5 4. Nc3 Nf6 5. d4 Qc7 6. Nf3 Be7 7. O-O Bf5 8. b3 Nbd7 9. Bb2 h6 10. Qd2 O-O 11. h3 Rfe8 12. Rfd1 Bf8 13. Rac1 Ne4 14. Nxe4 Bxe4 15. dxe5 Nxe5 16. c5 Bxf3 17. cxd6 Bxd6 18. exf3 Rad8 19. Qc3 f6 20. f4 Nf7 21. Rd2 Qe7 22. Rcd1 Bb4 23. Rxd8 Bxc3 24. Rxe8+ Qxe8 25. Bxc3 Qe6 26. Bf1 b5 27. Bd4 a6 28. Bc5 g5 29. fxg5 hxg5 30. Rd3 Kg7 31. Re3 Qd5 32. Ba3 Ne5 33. Bb2 Nf3+ 34. Kh1 Qd1 35. Kg2 Ne1+ 36. Kg1 Nc2 37. Re7+ Kf8 38. Bxf6 Nd4 39. Re3 Kf7 40. Be5 Nf3+ 41. Kg2 Nxe5 42. Rxe5 Kf6 43. Rc5 Qd6 44. Rc3 Qd5+ 45. Kg1 c5 46. Bg2 Qd4 47. Rf3+ Kg7 48. Rf5 Kg6 49. Rd5 Qa1+ 50. Kh2 Qxa2 51. Rxc5 Qxf2 52. Rc6+ Kg7 53. Rxa6 b4 54. Ra4 Qd2 55. Ra7+ Kf6 56. Rb7 Qc3 57. Rb6+ Ke5 58. Rb5+ Kd4 59. Rd5+ Ke3 60. Rb5 Qxb3 61. Rxg5 Qc3 62. Rg4 b3 63. Rg8 b2 64. Re8+ Kd4 65. Rd8+ Ke5 66. Re8+ Kf6 67. Rb8 Qc1 68. Rb6+ Ke7 69. Be4 Qd2+ 70. Kg1 Qe3+ 71. Kh2 Qxb6 72. h4 b1=Q 73. Bxb1 Qxb1 74. Kh3 1-0


[Site "https://www.chess.com"]

[Event "Titled Tuesday Blitz February 14 Late 2023"]
[White "Reprintsev, Alexander"]
[Black "Skaric, Djuro"]
[WhiteFideId "14100541"]
[BlackFideId "934569"]
[WhiteElo "2253"]
[BlackElo "2334"]
[Result "0-1"]
[Round "09"]
[TimeControl "180+2"]
[Date "2023.02.14"]
[WhiteClock "0:00:02"]
[BlackClock "0:01:03"]

1. e4 d6 2. d4 g6 3. h4 Nf6 4. Nc3 Nc6 5. d5 Ne5 6. h5 Nxh5 7. Rxh5 Bg4 8. Be2 gxh5 9. f3 Bd7 10. Be3 a6 11. Qd2 h6 12. O-O-O Bg7 13. Nh3 b5 14. Nf4 b4 15. Nb1 a5 16. Nxh5 Bf8 17. f4 Ng4 18. Bd4 Nf6 19. Bxf6 exf6 20. Qd4 Qe7 21. Nxf6+ Kd8 22. Nxd7 Rg8 23. Nf6 Rg6 24. e5 Bg7 25. Nd2 Bxf6 26. exf6 Qxe2 27. a3 Rxg2 28. a4 Rb8 29. b3 Kd7 30. Rf1 Re8 31. Rd1 h5 32. f5 Re5 0-1


[Site "https://www.chess.com"]